 Dungeon Crawl Stone Soup version 0.31-a0-1-g4198be8af4 (webtiles) character file.

Game seed: 13523324650545535031

1784040 bakla the Heretic (level 25, 186/186 HPs)
             Began as a Demonspawn Brigand on May 2, 2023.
             Escaped with the Orb
             ... and 3 runes on May 3, 2023!
             The game lasted 03:04:43 (57963 turns).

bakla the Heretic (Demonspawn Brigand)             Turns: 57963, Time: 03:04:44

Health: 186/186    AC: 23    Str: 17    XL:     25   Next: 13%
Magic:  33/37      EV: 32    Int: 23    God:
Gold:   924        SH:  5    Dex: 30    Spells: 28/44 levels left

rFire   + + .        v - +9 rapier (flame)
rCold   + + +        c - +0 buckler
rNeg    . . .        G - +4 troll leather armour
rPois   +            (helmet unavailable)
rElec   +            W - +0 cloak "Emood" {rF++}
rCorr   .            F - +1 pair of gloves of Qerank {Will+ Str-4 Dex+3}
SInv    +            N - +2 pair of boots "Zuch" {rElec rPois Str+3}
Will    +++..        z - amulet of Ivugus {rC++ Regen+ Stlth+}
Stlth   ++           g - +4 ring of protection
HPRegen 2.11/turn    b - ring of Duah Lyt {Will+ Str+6 Dex+5 Stlth+}
MPRegen 0.25/turn

%: no passive effects
@: exhausted
A: antennae 3, powered by death 3, augmentation 2, big brain 2, demonic magic 3,
clever 1, cold resistance 1, deterioration 1, frail 1, inhibited regeneration,
inability to read after injury 1
0: Orb of Zot
}: 3/15 runes: decaying, silver, gossamer
a: no special abilities


You escaped.
You visited 9 branches of the dungeon, and saw 47 of its levels.
You visited 1 bazaar.
You also visited: Sewer, Bailey and Ice Cave.

You collected 7300 gold pieces.
You spent 6376 gold pieces at shops.

Inventory:

Hand Weapons
 v - a +9 rapier of flaming (weapon)
 X - a +4 demon whip of draining
Missiles
 e - 8 curare-tipped darts
 E - a throwing net
Armour
 c - a +0 buckler (worn)
 F - the +1 pair of gloves of Qerank (worn) {Will+ Str-4 Dex+3}
   (You found it on level 3 of the Elven Halls)

   Str:       It affects your strength (-4).
   Dex:       It affects your dexterity (+3).
   Will:      It increases your willpower.
 G - a +4 troll leather armour (worn)
 N - the +2 pair of boots "Zuch" (worn) {rElec rPois Str+3}
   (You acquired it on level 1 of the Spider Nest)

   Str:       It affects your strength (+3).
   rElec:     It insulates you from electricity.
   rPois:     It protects you from poison.
 O - the +18 shield of the Gong {Loud rN+ Will+ rCorr EV-5}
   (You found it on level 2 of the Vaults)

   Loud:      It is deafeningly noisy when blocking attacks.
   EV:        It affects your evasion (-5).
   rN:        It protects you from negative energy.
   rCorr:     It protects you from acid and corrosion.
   Will:      It increases your willpower.
 Q - a +2 pair of gloves of stealth
 W - the +0 cloak "Emood" (worn) {rF++}
   (You found it on level 1 of the Spider Nest)

   rF:        It greatly protects you from fire.
Jewellery
 b - the ring of Duah Lyt (right hand) {Will+ Str+6 Dex+5 Stlth+}
   (You took it off a vault warden on level 5 of the Vaults)

   [ring of strength]

   Str:       It affects your strength (+6).
   Dex:       It affects your dexterity (+5).
   Will:      It increases your willpower.
   Stlth:     It makes you more stealthy.
 g - a +4 ring of protection (left hand)
 x - a ring of wizardry
 z - the amulet of Ivugus (around neck) {rC++ Regen+ Stlth+}
   (You bought it in a shop on level 2 of the Orcish Mines)

   [amulet of regeneration]

   rC:        It greatly protects you from cold.
   Regen:     It increases your rate of health regeneration.
   Stlth:     It makes you more stealthy.
 H - a ring of protection from cold
Wands
 a - a wand of roots (50)
 w - a wand of digging (4)
 y - a wand of paralysis (17)
 Z - a wand of light (6)
Scrolls
 d - 8 scrolls of vulnerability
 h - 2 scrolls of enchant weapon
 k - 2 scrolls of enchant armour
 m - 12 scrolls of fog
 r - 7 scrolls of noise
 t - 3 scrolls of brand weapon
 C - 7 scrolls of teleportation
 D - 3 scrolls of silence
 J - 3 scrolls of immolation
 K - 6 scrolls of poison
 L - 34 scrolls of identify
 M - 2 scrolls of butterflies
 R - 8 scrolls of fear
 T - a scroll of blinking
 U - 4 scrolls of amnesia
Potions
 f - 18 potions of curing
 i - 12 potions of mutation
 j - 3 potions of resistance
 l - 4 potions of haste
 n - 6 potions of cancellation
 o - 11 potions of attraction
 p - 4 potions of might
 s - 6 potions of berserk rage
 u - 14 potions of brilliance
 A - 8 potions of lignification
 B - 7 potions of magic
 I - 5 potions of ambrosia
 S - a potion of invisibility
 V - 6 potions of heal wounds
 Y - 7 potions of flight
Miscellaneous
 q - a phial of floods
 P - a box of beasts


   Skills:
 - Level 19.0 Fighting
 - Level 14.0 Short Blades
 - Level 1.7 Throwing
 + Level 18.4 Armour
 - Level 19.0 Dodging
 - Level 5.6 Stealth
 - Level 10.0 Spellcasting
 - Level 3.5 Conjurations
 - Level 17.0 Hexes
 - Level 21.0 Invocations
 - Level 10.0 Evocations


You had 28 spell levels left.
You knew the following spells:

 Your Spells              Type           Power      Damage    Failure   Level
a - Confusing Touch       Hex            100%       N/A       1%          3
b - Tukima's Dance        Hex            100%       N/A       1%          3
c - Dazzling Flash        Conj/Hex       100%       N/A       1%          3
d - Enfeeble              Hex            52%        N/A       6%          7

Your spell library contained the following spells:

 Spells                   Type           Power      Damage    Failure   Level
 Slow                     Hex            100%       N/A       0%          1
 Ensorcelled Hibernation  Hex/Ice        100%       N/A       1%          2
 Inner Flame              Hex/Fire       74%        N/A       1%          3
 Summon Guardian Golem    Hex/Summ       74%        N/A       1%          3
 Anguish                  Hex/Necr       37%        N/A       2%          4
 Kiss of Death            Conj/Necr      100%       2d13      4%          1
 Shock                    Conj/Air       100%       1d9       4%          1
 Static Discharge         Conj/Air       70%        2-5/arc   6%          2
 Metabolic Englaciation   Hex/Ice        37%        N/A       7%          5
 Silence                  Hex/Air        37%        N/A       7%          5
 Yara's Violent Unravell  Hex/Tmut       37%        3d15      7%          5
 Apportation              Tloc           40%        N/A       9%          1
 Beastly Appendage        Tmut           40%        N/A       9%          1
 Necrotise                Necr           80%        1d8       9%          1
 Sandblast                Erth           40%        2d10      9%          1
 Sting                    Tmut/Pois      80%        1d7       9%          1
 Summon Small Mammal      Summ           80%        N/A       9%          1
 Blink                    Tloc           40%        N/A       12%         2
 Cigotuvi's Dreadful Rot  Necr/Pois/Air  40%        N/A       12%         2
 Lesser Beckoning         Tloc           40%        N/A       12%         2
 Passwall                 Tmut/Erth      16%        N/A       12%         2
 Poisonous Vapours        Pois/Air       40%        N/A       12%         2
 Scorch                   Fire           40%        2d6       12%         2
 Sublimation of Blood     Necr           20%        N/A       12%         2
 Wereblood                Tmut           20%        N/A       12%         2
 Hailstorm                Conj/Ice       35%        3d9       12%         3
 Stone Arrow              Conj/Erth      70%        3d11      12%         3
 Mephitic Cloud           Conj/Pois/Air  30%        N/A       16%         3
 Call Canine Familiar     Summ           20%        N/A       24%         3
 Frozen Ramparts          Ice            40%        1d7       24%         3
 Gell's Gravitas          Tloc           20%        N/A       24%         3
 Ignite Poison            Fire/Tmut/Pois 20%        N/A       24%         3
 Ozocubu's Armour         Ice            20%        N/A       24%         3
 Spider Form              Tmut/Pois      20%        N/A       24%         3
 Swiftness                Air            20%        N/A       24%         3
 Teleport Other           Tloc           20%        N/A       24%         3
 Vampiric Draining        Necr           20%        2d7       24%         3
 Volatile Blastmotes      Fire/Tloc      40%        2d13      24%         3
 Flame Wave               Conj/Fire      35%        2d10      36%         4
 Iskenderun's Mystic Bla  Conj/Tloc      35%        2d8       36%         4
 Sticky Flame             Conj/Fire      35%        2d5       36%         4
 Discord                  Hex            52%        N/A       45%         8
 Iskenderun's Battlesphe  Conj           49%        2d10      47%         5
 Airstrike                Air            10%        2d(2-18)  63%         4
 Animate Armour           Summ/Erth      40%        N/A       63%         4
 Dispel Undead            Necr           20%        3d11      63%         4
 Ice Form                 Ice/Tmut       20%        N/A       63%         4
 Manifold Assault         Tloc           20%        N/A       63%         4
 Olgreb's Toxic Radiance  Pois           20%        N/A       63%         4
 Passage of Golubria      Tloc           20%        N/A       63%         4
 Petrify                  Tmut/Erth      20%        N/A       63%         4
 Summon Ice Beast         Ice/Summ       20%        N/A       63%         4
 Summon Lightning Spire   Summ/Air       20%        N/A       63%         4
 Irradiate                Conj/Tmut      17%        3d17      73%         5
 Freezing Cloud           Conj/Ice/Air   15%        6-21      80%         5
 Blade Hands              Tmut           10%        N/A       92%         5
 Borgnjor's Vile Clutch   Necr/Erth      10%        N/A       92%         5
 Lee's Rapid Deconstruct  Erth           10%        3d8*      92%         5
 Iron Shot                Conj/Erth      17%        9d4       99%         6
 Starburst                Conj/Fire      17%        6d6       99%         6
 Eringya's Noxious Bog    Tmut/Pois      10%        N/A       100%        6
 Simulacrum               Ice/Necr       10%        N/A       100%        6
 Statue Form              Tmut/Erth      13%        N/A       100%        6
 Summon Cactus Giant      Summ           10%        N/A       100%        6
 Orb of Destruction       Conj           24%        9d9       100%        7
 Ozocubu's Refrigeration  Ice            10%        4d9       100%        7
 Spellforged Servitor     Conj/Summ      17%        N/A       100%        7
 Storm Form               Tmut/Air       10%        N/A       100%        7
 Summon Hydra             Summ           10%        N/A       100%        7
 Ignition                 Fire           10%        3d5       100%        8
 Lehudib's Crystal Spear  Conj/Erth      17%        10d5      100%        8


Dungeon Overview and Level Annotations

Branches:
Dungeon (15/15)            Temple (0/1) D:6            Lair (5/5) D:9
  Swamp (4/4) Lair:3       Spider (4/4) Lair:2        Slime (0/5) Lair:5
    Orc (2/2) D:9             Elf (3/3) Orc:2        Vaults (5/5) D:14
  Crypt (0/3) Vaults:3     Depths (4/4) D:15            Zot (5/5) Depths:4
  Sewer (visited)          Bailey (visited)           IceCv (visited)

Altars:
Ashenzari
Gozag
Hepliaklqana
Kikubaaqudgha
Makhleb
Okawaru
Trog
Uskayaw
Vehumet
Wu Jian
Yredelemnul
Jiyva
Lugonu

Shops:
D:6 *   D:8 (!**   D:9 !*   D:15 (   Orc:1 (   Orc:2 =(([   Elf:1 *[   Elf:3 [?
Vaults:1 [(!   Vaults:3 [   Zot:5 *   Depths:1 [[!**

Portals:
Hell: Depths:1 Depths:2 Depths:3 Depths:4
Abyss: Depths:1 Depths:3
Pandemonium: Depths:2
Ziggurat: Depths:4
Trove: D:13 (give +8 demon whip)

Annotations:
D:3 exclusion: moth of wrath
D:14 2 transporters, Zigaill's ghost, adept OgFE
Spider:1 Pesouf's ghost, adept MfHs
Spider:2 3 runed translucent doors, snackwell's ghost, adept TrMo
Spider:4 1 runed translucent door, Ontaitol's ghost, adept MiFi
Elf:1 1 transporter, Roxanne
Elf:2 5 runed translucent doors
Depths:1 1 runed translucent door, exclusion: orange crystal statue
Depths:2 exclusions: 2 ice statues and 1 more exclusion
Depths:4 exclusions: lich and 3 more exclusions
Zot:1 exclusion: downstairs
Zot:2 exclusion: upstairs
Zot:3 exclusion: 2 upstairs
Zot:4 exclusion: 2 upstairs
Zot:5 exclusion: 2 upstairs


Innate Abilities, Weirdness & Mutations

You have a pair of large antennae on your head. (SInv)
You regenerate a lot of health from kills.
Your magical and physical power is enhanced at high health.
You have an extremely huge brain. (Int +4)
Spells you cast and wands you use may paralyse nearby enemies.
Your mind is acute. (Int +4, Str/Dex -1)
Your flesh is cold resistant. (rC+)
Your body sometimes deteriorates upon taking damage.
You are frail. (-10% HP)
You do not regenerate when monsters are visible.
You occasionally lose the ability to read scrolls when taking damage.


Message History

Press: ? - help, Shift-Dir - straight line, f - Tzitzimitl
Aim: a Tzitzimitl (moderately wounded, will inflict weakness and antimagic)
The Tzitzimitl partially resists.
The Tzitzimitl is enfeebled!
Malevolent energies surge around you.
The Tzitzimitl engulfs you but does no damage.
The Tzitzimitl bites you but does no damage.
Unknown command.
You spin and attack the Tzitzimitl repeatedly, with incredible momentum.
You puncture the Tzitzimitl! You burn the Tzitzimitl.
The Tzitzimitl is moderately wounded.
You impale the Tzitzimitl!! You burn the Tzitzimitl.
The Tzitzimitl is heavily wounded.
Your supernatural speed expires.
Unknown command.
You miss the Tzitzimitl.
The Tzitzimitl is heavily wounded.
You closely miss the Tzitzimitl.
The Tzitzimitl is heavily wounded.
The Tzitzimitl engulfs you but does no damage.
The Tzitzimitl bites you but does no damage.
You hit the Tzitzimitl. You burn the Tzitzimitl.
The Tzitzimitl is heavily wounded.
You closely miss the Tzitzimitl.
The Tzitzimitl is heavily wounded.
The Tzitzimitl gestures at you. The bolt of negative energy misses you.
You puncture the Tzitzimitl! You burn the Tzitzimitl.
The Tzitzimitl is severely wounded.
You puncture the Tzitzimitl! You burn the Tzitzimitl.
The Tzitzimitl is almost dead.
The Tzitzimitl completely misses you. The Tzitzimitl misses you.
You puncture the Tzitzimitl! You burn the Tzitzimitl.
You kill the Tzitzimitl!
The Council accepts your kill.
Really renounce your faith, foregoing its fabulous benefits?
Are you sure?
You have lost your religion!
The Council does not appreciate desertion!
There is a staircase leading out of the dungeon here.
You have escaped!

#.....# #.#.≈~~≈.~~~~..#
#.###.###.#.~~~~.~~~≈..# #.#
#.......≈~~≈.~~~~..#
#.###.###.#.~~~≈.~~~~..#
#.....###...~≈≈~.~~≈~..#
########....~≈~~.~~≈~..#
.######.###.P~~...~~P..#
........# #............#
.######.###.....@......#######
## ##.....[...............# #
##...P~~...~≈P.#.####.#
######...~≈~~.≈~~~.#.# #.#
#§§§.....~~~~.≈≈≈~...# #.#
#§#####..≈~~~.≈~~~...# #.# #§#
##.~~~~.≈~~≈.#.# #.# #.#
#.~~~~.~~~~...####.# #.#
##.~~~~.~~~~........#


There were no monsters in sight!

Vanquished Creatures
  5 dread liches (Zot:5)
  8 ancient liches
  3 orbs of fire (Zot:5)
  Mara (Spider:3)
  Sojobo (Vaults:5)
  the Lernaean hydra (Swamp:4)
  Margery (Depths:3)
  2 curse toes
  2 Killer Klowns (Zot:5)
  Saint Roka (Orc:2)
  6 golden dragons
  A Tzitzimitl (D:1)
  A Brimstone Fiend (D:5)
  2 electric golems (Zot:5)
  8 tentacled monstrosities
  3 liches
  25 Orb Guardians (Zot:5)
  2 deep elf blademasters (Elf:3)
  2 deep elf master archers (Elf:3)
  4 titans (Vaults:5)
  4 quicksilver dragons
  A walking divine tome (Depths:4)
  6 sphinxes
  A death cob (Zot:5)
  2 thorn hunters
  Frances (Swamp:2)
  4 tengu reavers
  3 draconian monks
  8 storm dragons
  A fenstrider witch (Swamp:3)
  4 draconian knights
  A daeva (Depths:2)
  A fire giant (Depths:1)
  4 emperor scorpions
  Donald (Elf:1)
  9 frost giants
  5 deep elf sorcerers
  5 iron dragons
  4 draconian scorchers
  21 vault wardens
  Aizul (Depths:2)
  A draconian shifter (Zot:5)
  3 draconian stormcallers
  2 broodmothers
  3 draconian annihilators
  An orc warlord (Orc:2)
  2 grey draconians (Depths:4)
  5 ironbound thunderhulks
  3 war gargoyles
  9 stone giants
  14 green draconians
  Nessos (D:12)
  21 very ugly things
  19 ironbound preservers
  4 eleionomae
  12 black draconians
  8 deep elf demonologists (Elf:3)
  12 dire elephants
  12 deep elf annihilators
  4 white draconians
  Azrael (Elf:1)
  9 purple draconians
  4 yellow draconians
  12 red draconians
  13 ettins
  6 deep elf death magi
  11 spark wasps
  Snorg (D:12)
  14 yaktaur captains
  5 entropy weavers
  An ettin (shapeshifter) (Depths:4)
  A crystal guardian (Vaults:2)
  3 deep elf high priests
  3 jiangshi (Depths:2)
  11 fire dragons
  A shambling mangrove (Swamp:2)
  2 rakshasas
  2 great orbs of eyes
  Fannar (Lair:1)
  A hell beast (D:10)
  36 vault guards
  2 spriggan air magi (Depths:1)
  3 ice dragons
  2 radroaches (Spider:2)
  9 two-headed ogres
  A ghost crab (Swamp:4)
  7 ironbound frosthearts
  A jorogumo (Spider:2)
  18 hydras
  5 centaur warriors
  6 ogre magi
  3 peacekeepers
  15 dancing weapons
  3 catoblepae
  10 alligators
  15 boulder beetles
  A death knight (D:14)
  5 deep troll shamans
  9 death yaks
  6 deep troll earth magi
  2 tengu warriors (Depths:3)
  2 vampire magi (Depths:2)
  A spriggan berserker (Depths:3)
  Urug (Orc:1)
  10 hell knights
  An orc high priest (Elf:1)
  2 shock serpents (Depths:2)
  7 deep elf knights
  A skyshark (Lair:3)
  A sixfirhy (D:14)
  5 pharaoh ants
  3 iron trolls
  2 sun moths
  Lodul (D:13)
  A death drake (Depths:2)
  13 wizards
  5 glowing orange brains
  13 bog bodies
  A spriggan druid (Swamp:4)
  60 deep trolls
  A sea snake (Depths:2)
  11 orb spiders
  21 ironbound convokers
  11 swamp dragons
  5 phantasmal warriors
  13 deep elf archers
  10 lindwurms
  6 necromancers
  A steelbarb worm (shapeshifter) (Depths:1)
  A harpy (Vaults:3)
  17 deep elf zephyrmancers
  A human zombie (Vaults:1)
  28 deep elf pyromancers
  A mana viper (Depths:2)
  3 orc sorcerers
  8 steelbarb worms
  A fire giant zombie (Vaults:1)
  A wolf spider zombie (D:15)
  7 orc knights
  26 ugly things
  15 moths of wrath
  A centaur zombie (D:15)
  20 wolf spiders
  2 manticores
  2 cyclopes
  An eye of devastation (shapeshifter) (Vaults:5)
  18 vault sentinels
  4 black mambas
  5 will-o-the-wisps
  6 elephants
  Joseph (D:7)
  7 demonic crawlers
  13 cane toads
  A black mamba (shapeshifter) (Vaults:5)
  4 gargoyles
  2 naga magi (D:15)
  7 torpor snails
  2 centaur skeletons (D:15)
  A rime drake (Lair:5)
  31 yaktaurs
  8 komodo dragons
  4 unseen horrors
  A hellion (Zot:2)
  A tengu conjurer (Depths:1)
  3 freezing wraiths
  7 meliai
  9 trolls
  7 tyrant leeches
  17 tarantellas
  18 hornets
  A tengu simulacrum (Vaults:1)
  A polar bear (Lair:2)
  2 raiju (Depths:2)
  A hornet (shapeshifter) (D:15)
  A snapping turtle (shapeshifter) (Vaults:5)
  5 dream sheep (Lair:1)
  A raiju (shapeshifter) (Vaults:5)
  26 jumping spiders
  12 blink frogs
  50 slime creatures
  3 vampires
  10 culicivoras
  5 shadows
  3 wraiths
  7 spriggans
  8 basilisks
  2 water elementals
  2 air elementals
  29 yaks
  6 fire elementals
  Grum (Lair:1)
  9 wyverns
  Eustachio (D:4)
  44 redbacks
  5 steam dragons
  Menkaure (D:6)
  Edmund (D:4)
  13 vampire mosquitoes
  6 wargs
  A harpy simulacrum (Depths:2)
  19 swamp worms
  6 acid dragons
  6 hell hounds (Elf:1)
  14 water moccasins
  A floating eye (shapeshifter) (Vaults:5)
  2 water moccasins (shapeshifter)
  A floating eye (Depths:4)
  3 black bears
  3 sky beasts
  9 swamp drakes
  3 ice beasts (D:7)
  45 orc warriors
  An elf simulacrum (Vaults:1)
  2 great orb of eyes simulacra (IceCv)
  8 boggarts
  17 ogres
  15 centaurs
  20 wolves
  3 phantoms
  8 kobold brigands
  12 bullfrogs
  2 earth elementals (Depths:2)
  A gnoll sergeant (D:9)
  A two-headed ogre simulacrum (D:11)
  A hornet simulacrum (D:15)
  2 wights (D:9)
  12 killer bees
  6 vampire bats (Bailey)
  8 howler monkeys
  6 wolf zombies (Bailey)
  2 electric eels
  4 jellies
  4 hounds
  25 orc priests
  A sleepcap (D:5)
  Ijyb (D:4)
  43 orc wizards
  Natasha (thrice) (D:2)
  4 iguanas
  10 hell rats (Lair:1)
  A troll simulacrum (D:11)
  4 lightning spires (Depths:2)
  A shapeshifter simulacrum (IceCv)
  2 spriggan simulacra (D:11)
  3 gnolls (D:5)
  10 adders
  2 naga simulacra
  3 river rats (Sewer)
  2 shadow imps
  2 ufetubi
  A worm (D:3)
  4 dart slugs
  109 orcs
  5 ball pythons
  12 endoplasms
  3 giant cockroaches
  5 goblins
  5 hobgoblins
  9 jackals
  3 quokkas
  3 bats
  10 frilled lizards
  17 kobolds
  21 orc zombies (Bailey)
  21 rats
1933 creatures vanquished.

Vanquished Creatures (collateral kills)
  2 wargs
  An orc warrior (Orc:2)
  3 orcs
6 creatures vanquished.

Vanquished Creatures (others)
  2 draconian shifters (Zot:1)
  A vampire mage (Depths:1)
  A wizard (Depths:2)
  A lindwurm (Vaults:1)
  2 deep elf zephyrmancers
  A bloated husk (Swamp:4)
  6 dancing weapons
  2 ball lightnings (Depths:2)
  40 bushes (Depths:1)
  14 foxfires (Swamp:4)
  32 fungi
  53 plants
155 creatures vanquished.

Grand Total: 2094 creatures vanquished

Notes
Turn   | Place    | Note
-------+----------+-------------------------------------------
     0 | D:1      | bakla the Demonspawn Brigand began the quest for the Orb.
     0 | D:1      | Reached XP level 1. HP: 16/16 MP: 1/1
    70 | D:1      | Reached skill level 1 in Dodging
   159 | D:1      | Gained mutation: You have an unusually large brain. (Int
                  | +2) [demonic ancestry]
   159 | D:1      | Reached XP level 2. HP: 22/22 MP: 2/2
   538 | D:1      | Gained mutation: You have a pair of small antennae on your
                  | head. [demonic ancestry]
   538 | D:1      | Reached XP level 3. HP: 25/28 MP: 3/3
  1006 | D:2      | Reached XP level 4. HP: 34/34 MP: 4/4
  1046 | D:2      | Noticed Natasha
  1057 | D:2      | Found a bloodstained altar of Trog.
  1251 | D:2      | Killed Natasha
  1366 | D:2      | Noticed Natasha
  1373 | D:2      | Killed Natasha
  1564 | D:2      | Noticed Natasha
  1591 | D:2      | Killed Natasha
  1592 | D:2      | Gained mutation: Spells you cast may paralyse adjacent
                  | enemies. [demonic ancestry]
  1592 | D:2      | Reached XP level 5. HP: 40/40 MP: 5/5
  1711 | D:3      | Found a large runed translucent door.
  1712 | D:3      | Found a large runed translucent door.
  1797 | D:3      | Noticed a moth of wrath
  1833 | D:3      | Found a bloodstained altar of Trog.
  1906 | D:3      | Noticed a steam dragon
  1919 | D:3      | Killed a steam dragon
  1920 | D:3      | Reached XP level 6. HP: 25/47 MP: 6/6
  2254 | D:3      | Identified the +5 chain mail "Zuzuxiub" {Int+4}
  2483 | D:3      | Found an ornate altar of the Wu Jian Council.
  2491 | D:3      | Became a worshipper of the Wu Jian Council
  2519 | D:4      | Noticed Edmund
  2579 | D:4      | Noticed Eustachio
  2581 | D:4      | Killed Eustachio
  2616 | D:4      | Gained mutation: You regenerate a little health from kills.
                  | [demonic ancestry]
  2616 | D:4      | Reached XP level 7. HP: 53/53 MP: 7/7
  2786 | D:4      | Noticed Ijyb
  2787 | D:4      | Found a hide-covered altar of Uskayaw.
  2819 | D:4      | Reached skill level 5 in Stealth
  2842 | D:4      | Killed Ijyb
  2888 | D:4      | Reached skill level 5 in Short Blades
  2959 | D:4      | Killed Edmund
  3014 | D:4      | Reached * piety under Wu Jian
  3226 | D:5      | Entered Level 5 of the Dungeon
  3329 | D:5      | Identified the +0 robe "Ysyppory" {rPois Str-4 Dex+4}
  3360 | D:5      | Reached XP level 8. HP: 61/61 MP: 8/8
  3459 | D:5      | Found a burning altar of Makhleb.
  3591 | D:5      | Learned a level 3 spell: Confusing Touch
  3693 | D:5      | Found an iron altar of Okawaru.
  3699 | D:5      | Found a hazy altar of Hepliaklqana.
  3778 | D:6      | Found a glowing drain.
  3810 | Sewer    | Entered a sewer
  3825 | Sewer    | Reached skill level 1 in Spellcasting
  3825 | Sewer    | Reached skill level 1 in Hexes
  4545 | D:6      | Reached ** piety under Wu Jian
  4546 | D:6      | Noticed Menkaure
  4556 | D:6      | Killed Menkaure
  4587 | D:6      | Found a staircase to the Ecumenical Temple.
  4674 | D:6      | Found a broken altar of Ashenzari.
  4698 | D:6      | Found Citidgh's Assorted Antiques.
  4766 | D:6      | Gained mutation: Spells you cast may paralyse nearby
                  | enemies. [demonic ancestry]
  4766 | D:6      | Reached XP level 9. HP: 66/66 MP: 12/12
  5059 | D:6      | Learned a level 3 spell: Tukima's Dance
  5484 | D:7      | Noticed Joseph
  5962 | D:7      | Killed Joseph
  5963 | D:7      | Reached skill level 5 in Hexes
  6112 | D:8      | Gained mutation: You regenerate health from kills. [demonic
                  | ancestry]
  6112 | D:8      | Reached XP level 10. HP: 73/73 MP: 15/17
  6145 | D:8      | Found Fynuagu's Distillery.
  6153 | D:8      | Bought a potion of heal wounds for 65 gold pieces
  6153 | D:8      | Bought a potion of curing for 39 gold pieces
  6160 | D:8      | Found Xeityt's Assorted Antiques.
  6200 | D:8      | Found Xetait's Assorted Antiques.
  6205 | D:8      | Bought a twisted marble ring for 100 gold pieces
  6206 | D:8      | Bought a cyan potion for 18 gold pieces
  6410 | D:8      | Reached *** piety under Wu Jian
  6411 | D:8      | Reached skill level 5 in Spellcasting
  6647 | D:8      | Found Irola Coto's Weapon Emporium.
  6869 | D:9      | Reached skill level 10 in Short Blades
  6928 | D:9      | Found an opulent altar of Gozag.
  7083 | D:9      | Found a flagged portal.
  7092 | Bailey   | Entered a bailey
  7377 | Bailey   | Noticed a gargoyle
  7389 | Bailey   | Killed a gargoyle
  7540 | Bailey   | Reached **** piety under Wu Jian
  7971 | D:9      | Found a staircase to the Lair.
  7988 | D:9      | Found a staircase to the Orcish Mines.
  8009 | D:9      | Found Cemm's Demolitions Depot.
  8263 | D:9      | Noticed a two-headed ogre
  8264 | D:9      | Killed a two-headed ogre
  8265 | D:9      | Reached XP level 11. HP: 78/78 MP: 13/18
  8391 | D:9      | Noticed a centaur warrior
  8403 | D:9      | Killed a centaur warrior
  8403 | D:9      | Noticed a centaur warrior
  8417 | D:9      | Killed a centaur warrior
  8950 | D:9      | Found Peazujemoi's Distillery.
  8955 | D:9      | Bought a potion of haste for 120 gold pieces
  8955 | D:9      | Bought a potion of invisibility for 96 gold pieces
  9158 | D:10     | Entered Level 10 of the Dungeon
  9452 | D:10     | Reached ***** piety under Wu Jian
  9648 | D:10     | Reached skill level 5 in Fighting
  9749 | D:10     | Noticed a red ugly thing
  9753 | D:10     | Killed a red ugly thing
  9773 | D:10     | Identified the ring of the Everdark {Ice rCorr}
  9996 | D:10     | Identified the +7 flail "Ytwij" {elec, rF- rN+ Str+4 Int+2}
 10282 | D:10     | Reached XP level 12. HP: 87/87 MP: 8/19
 10289 | D:11     | Reached skill level 5 in Dodging
 10371 | D:11     | Found a frozen archway.
 10404 | IceCv    | Entered an ice cave
 10914 | Lair:1   | Entered Level 1 of the Lair of Beasts
 10919 | Lair:1   | Noticed Fannar
 10941 | Lair:1   | Killed Fannar
 11378 | Lair:1   | Noticed Grum
 11400 | Lair:1   | Killed Grum
 12229 | Lair:2   | Reached ****** piety under Wu Jian
 12247 | Lair:2   | Noticed an eight-headed hydra
 12251 | Lair:2   | Killed an eight-headed hydra
 12305 | Lair:2   | Reached XP level 13. HP: 94/101 MP: 20/20
 12566 | Lair:2   | Found a hole to the Spider Nest.
 13201 | Lair:3   | Reached skill level 10 in Fighting
 13851 | Lair:3   | Found a staircase to the Swamp.
 14448 | Lair:4   | Reached skill level 10 in Dodging
 15096 | Lair:5   | Entered Level 5 of the Lair of Beasts
 15469 | Lair:5   | Paralysed by a hornet for 1 turns
 15632 | Lair:5   | Gained mutation: You have a pair of antennae on your head.
                  | [demonic ancestry]
 15632 | Lair:5   | Reached XP level 14. HP: 88/115 MP: 21/21
 15979 | Lair:5   | Found a viscous altar of Jiyva.
 15981 | Lair:5   | Found a staircase to the Slime Pits.
 16344 | Orc:1    | Entered Level 1 of the Orcish Mines
 16374 | Orc:1    | Found Kurejan's Weapon Emporium.
 16419 | Orc:2    | Entered Level 2 of the Orcish Mines
 16503 | Orc:2    | Found a staircase to the Elven Halls.
 16528 | Orc:2    | Noticed an orc warlord
 16746 | Orc:1    | Noticed Urug
 16760 | Orc:1    | Killed Urug
 16902 | Orc:2    | Killed an orc warlord
 17098 | Orc:2    | Found Sodac's Weapon Shop.
 17453 | Orc:2    | Noticed Saint Roka
 17554 | D:9      | Bought a scroll of immolation for 52 gold pieces
 17803 | Orc:2    | Killed Saint Roka
 17897 | Orc:2    | Found Vostrul's Jewellery Boutique.
 17904 | Orc:2    | Bought the amulet of Ivugus {rC++ Regen+ Stlth+} for 630
                  | gold pieces
 17915 | Orc:2    | Bought a ring of willpower for 275 gold pieces
 18126 | Orc:2    | Found Mudogoc's Antique Armour Boutique.
 18129 | Orc:2    | Found Cuziuq's Antique Weapon Shop.
 18571 | D:12     | Noticed Nessos
 18577 | D:12     | Killed Nessos
 18877 | D:12     | Noticed Snorg
 18890 | D:12     | Killed Snorg
 19408 | D:13     | Found a portal to a secret trove of treasure.
 19713 | D:13     | Noticed Lodul
 19750 | D:13     | Killed Lodul
 19751 | D:13     | Gained mutation: You have an extremely huge brain. (Int +4)
                  | [demonic ancestry]
 19751 | D:13     | Reached XP level 15. HP: 112/127 MP: 3/22
 20699 | D:14     | Noticed Zigaill's ghost (adept OgFE)
 20785 | D:14     | Found a transporter.
 20787 | D:14     | Found a transporter.
 20789 | D:14     | Identified the amulet of Dusepyw {Reflect Fragile SH+5 SInv
                  | Stlth+}
 21138 | D:14     | Found a gate to the Vaults.
 21161 | D:14     | Reached skill level 15 in Fighting
 21434 | D:14     | Identified the +3 leather armour "Roffesom" {+Blink}
 21469 | D:15     | Entered Level 15 of the Dungeon
 21473 | D:15     | Reached skill level 1 in Armour
 21647 | D:15     | Found a staircase to the Depths.
 21853 | D:15     | Found Burayssu's Weapon Shop.
 22393 | Swamp:1  | Entered Level 1 of the Swamp
 22434 | Swamp:1  | You fall into a shaft and drop 1 floor!
 22474 | Swamp:2  | Noticed a thorn hunter
 22484 | Swamp:2  | Killed a thorn hunter
 23767 | Swamp:2  | Noticed Frances
 23785 | Swamp:2  | Killed Frances
 23884 | Swamp:2  | Identified the +11 broad axe of the Little People {heavy,
                  | rElec rF+ Int+4 Stlth-}
 24692 | Swamp:3  | Reached skill level 15 in Dodging
 24722 | Swamp:3  | Noticed a fenstrider witch
 24741 | Swamp:3  | Paralysed by a fenstrider witch for 4 turns
 24763 | Swamp:3  | Killed a fenstrider witch
 25047 | Swamp:3  | Gained mutation: You have a pair of large antennae on your
                  | head. (SInv) [demonic ancestry]
 25047 | Swamp:3  | Reached XP level 16. HP: 137/137 MP: 23/23
 25187 | Swamp:4  | Entered Level 4 of the Swamp
 25265 | Swamp:4  | Noticed a thorn hunter
 25279 | Swamp:4  | Killed a thorn hunter
 25324 | Swamp:4  | Reached skill level 5 in Armour
 25396 | Swamp:4  | Noticed the 27-headed Lernaean hydra
 25424 | Swamp:4  | Killed the 27-headed Lernaean hydra
 25600 | Swamp:4  | Got a decaying rune of Zot
 26115 | Spider:1 | Entered Level 1 of the Spider Nest
 26236 | Spider:1 | Learned a level 3 spell: Dazzling Flash
 26390 | Spider:1 | Reached skill level 1 in Conjurations
 27726 | Spider:1 | Found a runed translucent gate.
 27727 | Spider:1 | Found a runed translucent gate.
 27728 | Spider:1 | Found a runed translucent gate.
 27729 | Spider:1 | Noticed Pesouf's ghost (adept MfHs)
 28013 | Spider:1 | Identified the +0 cloak "Emood" {rF++}
 28031 | Spider:1 | Identified a scroll of acquirement
 28032 | Spider:1 | Acquired the +2 pair of boots "Zuch" {rElec rPois Str+3}
 28146 | Spider:2 | Gained mutation: Spells you cast and wands you use may
                  | paralyse nearby enemies. [demonic ancestry]
 28146 | Spider:2 | Reached XP level 17. HP: 146/146 MP: 24/24
 28718 | Spider:2 | Found a runed translucent gate.
 28719 | Spider:2 | Found a runed translucent gate.
 28722 | Spider:2 | Found a runed translucent gate.
 28724 | Spider:2 | Noticed snackwell's ghost (adept TrMo)
 28792 | Spider:2 | Gained mutation: Your body sometimes deteriorates upon
                  | taking damage. [mutagenic glow]
 28847 | Spider:2 | Lost mutation: Your body sometimes deteriorates upon taking
                  | damage. [potion of mutation]
 28847 | Spider:2 | Gained mutation: Your mind is acute. (Int +4, Str/Dex -1)
                  | [potion of mutation]
 28847 | Spider:2 | Gained mutation: Your mind is very acute. (Int +8, Str/Dex
                  | -2) [potion of mutation]
 28993 | Spider:2 | Identified the +5 mace of Muhoreon {pain, rF+ Int+3 Stlth+}
 29484 | Spider:3 | Noticed Mara
 29496 | Spider:3 | Noticed bakla's illusion
 30256 | Spider:3 | Killed Mara
 30396 | Spider:4 | Entered Level 4 of the Spider Nest
 30610 | Spider:4 | Got a gossamer rune of Zot
 30685 | Spider:4 | Found a runed translucent door.
 30694 | Spider:4 | Learned a level 7 spell: Enfeeble
 30697 | Spider:4 | Noticed Ontaitol's ghost (adept MiFi)
 31385 | Elf:1    | Entered Level 1 of the Elven Halls
 31398 | Elf:1    | Found Uzeonuiq's Gadget Gallery.
 31409 | Elf:1    | Bought a wand of light (6) for 378 gold pieces
 31409 | Elf:1    | Bought a wand of light (8) for 504 gold pieces
 31409 | Elf:1    | Bought a wand of roots (5) for 180 gold pieces
 31409 | Elf:1    | Bought a wand of roots (4) for 144 gold pieces
 31435 | Elf:1    | Noticed Donald
 31439 | Elf:1    | Killed Donald
 31943 | Elf:1    | Gained mutation: You regenerate a lot of health from kills.
                  | [demonic ancestry]
 31943 | Elf:1    | Reached XP level 18. HP: 155/155 MP: 25/25
 32010 | Elf:1    | Found a radiant altar of Vehumet.
 32014 | Elf:1    | Found a transporter.
 32125 | Elf:1    | Noticed Azrael
 32204 | Elf:1    | Killed Azrael
 32320 | Elf:1    | Identified Roxanne's Vellum of Transfiguration
 32320 | Elf:1    | Noticed Roxanne
 32519 | Elf:1    | Found Xitiohiysu's Antique Armour Emporium.
 32534 | Elf:1    | Bought a pair of twisted boots for 304 gold pieces
 32534 | Elf:1    | Identified the +1 pair of boots "Xibbifu" {Str-2 Dex+2
                  | SInv} (You bought it in a shop on level 1 of the Elven
                  | Halls)
 32854 | Elf:1    | Bought a pair of runed gloves for 240 gold pieces
 32972 | Elf:2    | Reached skill level 10 in Hexes
 33577 | Elf:2    | Found a huge runed translucent gate.
 33577 | Elf:2    | Found a huge runed translucent gate.
 33577 | Elf:2    | Found a huge runed translucent gate.
 33577 | Elf:2    | Found a huge runed translucent gate.
 33584 | Elf:2    | Found a huge runed translucent gate.
 33856 | Elf:3    | Entered Level 3 of the Elven Halls
 34017 | Elf:3    | Found Owosatab's Magic Scroll Shop.
 34081 | Elf:3    | Bought a scroll of blinking for 127 gold pieces
 34081 | Elf:3    | Bought a scroll of enchant weapon for 127 gold pieces
 34081 | Elf:3    | Bought a scroll of fog for 68 gold pieces
 34154 | Elf:3    | Found Nivatoz's Armour Shop.
 34454 | Elf:3    | Noticed a Hell Sentinel
 34482 | Elf:3    | Noticed an Ice Fiend
 35027 | Elf:3    | Identified the +6 short sword of Udaol {heavy, Fragile
                  | rPois rC+ Int+2}
 35300 | Elf:3    | Identified the +3 ring mail "Xiurph" {rPois rC- rN+ Regen+}
 35323 | Elf:3    | Identified the staff of air "Xogral" {rElec rC+ SInv}
 35324 | Elf:3    | Identified the +1 pair of gloves of Qerank {Will+ Str-4
                  | Dex+3}
 35341 | Elf:3    | Identified the +0 ring mail "Orusedd" {rC- Dex+6}
 35454 | Elf:3    | Identified the +3 morningstar of Yxuenk Vonuo {heavy, rPois
                  | Will- Dex+2 SInv}
 35580 | Elf:3    | Bought a scroll of poison for 68 gold pieces
 35874 | Vaults:1 | Entered Level 1 of the Vaults
 35896 | Vaults:1 | Found Aroefan's Distillery.
 36201 | Vaults:1 | Bought a potion of haste for 140 gold pieces
 36201 | Vaults:1 | Bought a potion of resistance for 140 gold pieces
 36201 | Vaults:1 | Bought 2 potions of cancellation for 224 gold pieces
 36201 | Vaults:1 | Bought a potion of curing for 42 gold pieces
 36294 | Vaults:1 | Reached skill level 15 in Hexes
 36505 | Vaults:1 | Reached XP level 19. HP: 161/161 MP: 20/26
 37374 | Vaults:1 | Found Neagatos's Antique Weapon Shoppe.
 37680 | Vaults:1 | Found Fantyuza's Armour Emporium.
 39794 | Vaults:2 | Found the +18 shield of the Gong {Loud rN+ Will+ rCorr
                  | EV-5}
 40442 | Vaults:3 | Reached skill level 10 in Spellcasting
 40668 | Vaults:3 | Reached XP level 20. HP: 156/168 MP: 20/34
 41631 | Vaults:3 | Found Noppeuhyda's Armour Boutique.
 41795 | Vaults:3 | Got Wedid's Quarto of Air and Therianthropy
 41820 | Vaults:3 | Found a staircase to the Crypt.
 41820 | Vaults:3 | Found an ancient bone altar of Kikubaaqudgha.
 41821 | Vaults:3 | Found a basalt altar of Yredelemnul.
 42110 | Vaults:4 | Found a flickering gateway to a bazaar.
 42116 | Bazaar   | Entered a bazaar
 42129 | Bazaar   | Found Anott's Antique Armour Emporium.
 42150 | Bazaar   | Found Hidoytieko's Assorted Antiques.
 42157 | Bazaar   | Found Xoups's General Store.
 42165 | Bazaar   | Bought a potion of experience for 500 gold pieces
 42165 | Bazaar   | Bought a potion of mutation for 80 gold pieces
 42167 | Bazaar   | Gained mutation: Your magical and physical power is
                  | slightly enhanced at high health. [demonic ancestry]
 42167 | Bazaar   | Reached XP level 21. HP: 176/176 MP: 35/35
 42171 | Bazaar   | Found Cuym's Magic Scroll Boutique.
 42178 | Bazaar   | Bought a scroll of magic mapping for 90 gold pieces
 42178 | Bazaar   | Bought a scroll of butterflies for 48 gold pieces
 42178 | Bazaar   | Bought a scroll of fog for 48 gold pieces
 42180 | Bazaar   | Bought a scroll of teleportation for 36 gold pieces
 42180 | Bazaar   | Bought a scroll of fear for 48 gold pieces
 42188 | Bazaar   | Bought a scroll of teleportation for 30 gold pieces
 42188 | Bazaar   | Bought a scroll of teleportation for 30 gold pieces
 42456 | Vaults:4 | Reached skill level 10 in Armour
 44140 | Vaults:5 | Entered Level 5 of the Vaults
 44142 | Vaults:5 | Noticed Sojobo
 44149 | Vaults:5 | Reached skill level 1 in Invocations
 44157 | Vaults:5 | Reached skill level 2 in Invocations
 44163 | Vaults:5 | Reached skill level 3 in Invocations
 44170 | Vaults:5 | Noticed an ancient lich
 44176 | Vaults:5 | Reached skill level 4 in Invocations
 44178 | Vaults:5 | Killed Sojobo
 44179 | Vaults:5 | Reached skill level 5 in Invocations
 44182 | Vaults:5 | Identified the +10 morningstar "Ytwyel" {antimagic, Will-
                  | Int+2 Dex+7 Stlth+}
 44193 | Vaults:5 | Killed an ancient lich
 44194 | Vaults:5 | Reached skill level 6 in Invocations
 44201 | Vaults:5 | Reached skill level 7 in Invocations
 44212 | Vaults:5 | Reached XP level 22. HP: 174/187 MP: 21/36
 44215 | Vaults:5 | Identified the staff of poison "Aruicva" {rPois Int+3
                  | Dex+4}
 44225 | Vaults:5 | Reached skill level 8 in Invocations
 44279 | Vaults:5 | Reached skill level 9 in Invocations
 44300 | Vaults:5 | Noticed a golden dragon
 44306 | Vaults:5 | Reached skill level 10 in Invocations
 44311 | Vaults:5 | Killed a golden dragon
 44343 | Vaults:5 | Reached skill level 11 in Invocations
 44380 | Vaults:5 | Noticed an ancient lich
 44389 | Vaults:5 | Killed an ancient lich
 44574 | Vaults:5 | Reached skill level 12 in Invocations
 44739 | Vaults:5 | Identified the ring of Duah Lyt {Will+ Str+6 Dex+5 Stlth+}
 45379 | Vaults:5 | Identified the staff of poison "Qaost" {rPois rC+ rCorr
                  | Str+3 Int+6}
 45383 | Vaults:5 | Identified the +1 scale mail of the Hills {rF+ rN+ Str-5
                  | Int+4}
 45456 | Vaults:5 | Got a silver rune of Zot
 45684 | Vaults:5 | Identified the staff of poison "Logice" {rPois Str+4}
 46050 | Depths:1 | Entered Level 1 of the Depths
 46066 | Depths:1 | Found Iretum's Armour Shop.
 46147 | Depths:1 | Found Piovoam's Antique Armour Shop.
 46149 | Depths:1 | Found Nokiluff's Distillery.
 46151 | Depths:1 | Found Icau's Assorted Antiques.
 46159 | Depths:1 | Bought a faintly humming orb for 448 gold pieces
 46159 | Depths:1 | Identified the orb of the Gardener {mayhem, Rampage
                  | *Corrode rPois Str+4} (You bought it in a shop on level 1
                  | of the Depths)
 46159 | Depths:1 | Bought a potion of haste for 320 gold pieces
 46164 | Depths:1 | Bought a potion of heal wounds for 115 gold pieces
 46164 | Depths:1 | Bought a potion of heal wounds for 115 gold pieces
 46164 | Depths:1 | Bought a potion of heal wounds for 115 gold pieces
 46164 | Depths:1 | Bought a potion of heal wounds for 115 gold pieces
 46164 | Depths:1 | Bought a potion of heal wounds for 115 gold pieces
 46331 | Depths:1 | Reached skill level 13 in Invocations
 46436 | Depths:1 | Found a corrupted altar of Lugonu.
 46437 | Depths:1 | Found a one-way gate to the infinite horrors of the Abyss.
 46658 | Depths:1 | Found Ownis's Fire Supplies.
 46877 | Depths:1 | Found a gateway to Hell.
 46996 | Depths:1 | Found a runed translucent door.
 47758 | Depths:2 | Reached skill level 14 in Invocations
 47795 | Depths:2 | Got the Volume of the Tincture
 48378 | Depths:2 | Found an ancient bone altar of Kikubaaqudgha.
 48380 | Depths:2 | Noticed Aizul
 48407 | Depths:2 | Killed Aizul
 48771 | Depths:2 | Reached XP level 23. HP: 190/194 MP: 16/37
 49128 | Depths:2 | Found the +6 lightning scales {swift, rElec}
 49380 | Depths:2 | Found a one-way gate leading to the halls of Pandemonium.
 49450 | Depths:2 | Reached skill level 15 in Invocations
 49640 | Depths:2 | Got the Lectures on Oromancy
 50727 | Depths:3 | Reached skill level 15 in Armour
 50727 | Depths:3 | Reached skill level 16 in Invocations
 51584 | Depths:4 | Entered Level 4 of the Depths
 51683 | Depths:4 | Found a one-way gateway to a ziggurat.
 51691 | Depths:4 | Reached skill level 17 in Invocations
 51696 | Depths:4 | Paralysed by a floating eye for 4 turns
 52036 | Depths:4 | Noticed Margery
 52056 | Depths:3 | Killed Margery
 52679 | Depths:4 | Reached skill level 18 in Invocations
 53532 | Depths:4 | Reached skill level 19 in Invocations
 53650 | Depths:4 | Found a gate to the Realm of Zot.
 53656 | Zot:1    | Entered Level 1 of the Realm of Zot
 53723 | Zot:2    | Noticed a curse toe
 54326 | Zot:2    | Noticed a curse toe
 54367 | Zot:2    | Killed a curse toe
 54612 | Zot:2    | Noticed an orb of fire
 54907 | Zot:1    | Reached skill level 20 in Invocations
 55544 | Zot:2    | Reached skill level 21 in Invocations
 55611 | Zot:4    | Noticed a curse toe
 55638 | Zot:4    | Killed a curse toe
 55639 | Zot:4    | Reached skill level 1 in Evocations
 55900 | Zot:4    | Gained mutation: Your magical and physical power is
                  | enhanced at high health. [demonic ancestry]
 55900 | Zot:4    | Reached XP level 24. HP: 195/201 MP: 7/37
 56218 | Zot:5    | Entered Level 5 of the Realm of Zot
 56376 | Zot:5    | Identified the +8 short sword "Vublekh" {speed, rElec Will+
                  | Int-3 Dex+8}
 56393 | Zot:5    | Found Siyr's CLEARANCE SALE!.
 56404 | Zot:5    | Bought a scroll of teleportation for 18 gold pieces
 56404 | Zot:5    | Bought a scroll of fog for 24 gold pieces
 56739 | Zot:5    | Noticed a dread lich
 56748 | Zot:5    | Reached skill level 5 in Evocations
 56758 | Zot:5    | Killed a dread lich
 56761 | Zot:5    | Noticed a Killer Klown
 56774 | Zot:5    | Killed a Killer Klown
 56774 | Zot:5    | Noticed an orb of fire
 56781 | Zot:5    | Killed an orb of fire
 56782 | Zot:5    | Noticed an ancient lich
 56784 | Zot:5    | Killed an ancient lich
 56945 | Zot:5    | Noticed an ancient lich
 56962 | Zot:5    | Killed an ancient lich
 56989 | Zot:5    | Noticed an ancient lich
 57002 | Zot:5    | Killed an ancient lich
 57008 | Zot:5    | Noticed a dread lich
 57015 | Zot:5    | Noticed an orb of fire
 57017 | Zot:5    | Noticed an orb of fire
 57022 | Zot:5    | Gained mutation: Your body sometimes deteriorates upon
                  | taking damage. [an orb of fire]
 57026 | Zot:5    | Noticed an ancient lich
 57028 | Zot:5    | Noticed a Killer Klown
 57029 | Zot:5    | Killed an orb of fire
 57029 | Zot:5    | Gained mutation: Your flesh is cold resistant. (rC+) [an
                  | orb of fire]
 57037 | Zot:5    | Killed a Killer Klown
 57037 | Zot:5    | Noticed a dread lich
 57038 | Zot:5    | Noticed a dread lich
 57038 | Zot:5    | Killed an orb of fire
 57038 | Zot:5    | Killed a dread lich
 57038 | Zot:5    | Killed an ancient lich
 57045 | Zot:5    | Noticed a dread lich
 57047 | Zot:5    | Noticed an ancient lich
 57047 | Zot:5    | Noticed an ancient lich
 57052 | Zot:5    | Paralysed by a dread lich for 4 turns
 57057 | Zot:5    | Killed an ancient lich
 57073 | Zot:5    | Killed an ancient lich
 57079 | Zot:5    | Killed a dread lich
 57080 | Zot:5    | Reached skill level 10 in Evocations
 57092 | Zot:5    | Killed a dread lich
 57136 | Zot:5    | Killed a dread lich
 57154 | Zot:5    | Reached XP level 25. HP: 194/207 MP: 37/37
 57218 | Zot:5    | Gained mutation: You do not regenerate when monsters are
                  | visible. [mutagenic glow]
 57229 | Zot:5    | Gained mutation: You occasionally lose the ability to read
                  | scrolls when taking damage. [mutagenic glow]
 57246 | Zot:5    | Lost mutation: Your mind is very acute. (Int +8, Str/Dex
                  | -2) [mutagenic glow]
 57267 | Zot:5    | Gained mutation: You are frail. (-10% HP) [mutagenic glow]
 57269 | Zot:5    | Got the Orb of Zot
 57959 | D:1      | Fell from the grace of Wu Jian
 57963 | D:$      | Escaped with the Orb!

Illustrated notes

Levels and vault maps discovered:
D:1:      giann_bridges, layout_loops_ring
D:2:      minmay_inner_zag, layout_rooms, basic_altar, serial_curves,
          eino_curves_02, eino_curves_01, uniq_natasha
D:3:      layout_basic, tgw_trog, jmf_multi_god_temple2,
          wander_ebering_terrifying_dragon_lair
D:4:      layout_basic, nicolae_uskayaw_dance_hall, uniq_eustachio, uniq_edmund,
          uniq_ijyb
D:5:      layout_cave_pools, nicolae_overflow_hidden_temple, minitemple,
          minmay_a_box_with_orc_wizards_in_it
D:6:      layout_basic, evilmike_ruin_ashenzari,
          minmay_temple_entry_purple_smoke, portal_sewer_entry_d, serial_shops,
          nicolae_shop_overgrown_old_shop, uniq_menkaure
D:7:      layout_cave_pods, uniq_joseph
D:8:      layout_loops_ring, serial_shops, shop, shop, shop, shop,
          nicolae_two_hexagons
D:9:      minmay_the_grid_net [minmay_the_grid_doors,
          minmay_the_grid_outer_diamond, minmay_the_grid_gridbox,
          minmay_the_grid_zigzag_pyramid, minmay_the_grid_empty,
          minmay_the_grid_prize_big_room], layout_long_grid,
          grunt_gozag_breadcrumbs, enter_bailey_6, serial_shops,
          kennysheep_little_box, corexii_leaking_fountain,
          nicolae_blasting_shop, kennysheep_diamond, minmay_alternating_orb
D:10:     layout_stronghold, minmay_checkerbox
D:11:     layout_big_octagon, portal_ice_cave_entry_ice_simulacra
D:12:     layout_small_grid, uniq_nessos, uniq_snorg
D:13:     layout_cave_pods, nicolae_trove_entry_free_sample,
          grunt_ministairs_11, kennysheep_generic_room_3, uniq_lodul
D:14:     layout_gridville, david_vaults_1, gammafunk_ghost_wrathful_warriors,
          minivault_23
D:15:     grunt_enter_depths_magical_seal, layout_long_grid, serial_shops,
          nicolae_shop_bloodbath_and_beyond, columned_hall_lemuel,
          minmay_misc_feat_room
Lair:1:   layout_regular_city, uniq_grum, uniq_fannar
Lair:2:   layout_regular_city, nicolae_spider_entry_orb_guardian,
          chequers_serial_rivers_micro_e, grunt_megastairs_2
Lair:3:   layout_chaotic_city, palyth_hydra_swamp_entry,
          infiniplex_staircase_pool, grunt_megastairs_1
Lair:4:   layout_gridlike, minivault_23, serial_bayou_shore_a
Lair:5:   grunt_lair_end_beastmaster, layout_loops_ring,
          dpeg_slime_entry_corner, dreamdust_wasp_nest
Swamp:1:  layout_basic_swamp, evilmike_swamp_ruin_house_5
Swamp:2:  layout_basic_swamp, nicolae_swamp_orc_logging_accident, uniq_frances
Swamp:3:  layout_basic_swamp, serial_swamp_ruin, evilmike_swamp_ruin_house_6,
          evilmike_swamp_ruin_house_2, evilmike_swamp_ruin_house_3
Swamp:4:  grunt_swamp_rune_castle, layout_basic_swamp
Spider:1: layout_chambers, gammafunk_ghost_tricky_traps
Spider:2: layout_spider_delve, gammafunk_ghost_necromancy
Spider:3: layout_spider_delve, uniq_mara
Spider:4: hellmonk_spider_rune_bug_friends, ebering_ghost_inner_flame
Orc:1:    layout_caves, serial_shops, shop, uniq_urug
Orc:2:    grunt_orc_community_town_hall, layout_diamond_mine,
          grunt_orc_community_big_house_1, grunt_orc_community_big_house_2,
          grunt_orc_community_house_2, grunt_orc_community_house_1,
          grunt_orc_community_house_1, grunt_orc_community_house_1,
          grunt_orc_community_house_1
Elf:1:    gammafunk_sealed_library, layout_loops_corners, serial_shops,
          nicolae_shop_trees, hangedman_elven_crosses_minicolossus,
          nicolae_shop_gadgets, uniq_azrael, uniq_roxanne, uniq_donald
Elf:2:    elven_hall_of_blades_hangedman_alternative
          [nicolae_blade_entry_antechamber], layout_rooms, minivault_24
Elf:3:    elf_hall, layout_geoelf_octagon, serial_shops, shop,
          minmay_shop_grid_forest
Vaults:1: grunt_vaults_funnel, nicolae_vaults_shelves_hall,
          ontoclasm_vaults_hangar, nicolae_vaults_ellipses_ellipsis,
          nicolae_vaults_tetromino_L_2, nicolae_vaults_closet_pinwheel_5,
          nicolae_vaults_trapezoid_1, nicolae_vaults_doubleplus_tesselated,
          hangedman_vaults_unwind, nicolae_vaults_alarming,
          hangedman_vaults_corner_blocks, nicolae_vaults_circle_grid_b,
          nicolae_vaults_little_squares_6, vaults_dpeg_hooks,
          nicolae_vaults_little_squares_6, layout_vaults_maze_bifur,
          serial_shops, shop_fountains, nicolae_shop_getting_attention,
          nicolae_square_shop
Vaults:2: vaults_mumra_chevron_long, nicolae_vaults_little_squares_3,
          hellmonk_guarded_unrand_gong, v_misc_31, ontoclasm_vaults_ring_large,
          vaults_standard_mumra_enter_the_diamond, nicolae_vaults_what_the_h,
          nicolae_vaults_closet_pinwheel_2, nicolae_vaults_three_branches,
          nicolae_vaults_apartment_2, nicolae_vaults_wine_cellar,
          nicolae_vaults_diamond_1, layout_vaults_omnicross
Vaults:3: minmay_crypt_entry_necro_gods, ontoclasm_vaults_idyll,
          nicolae_vaults_diagonal_hallway_9, nicolae_vaults_trapezoid_3,
          nicolae_vaults_trapezoid_lopsided_3, nicolae_vaults_closet_pinwheel_6,
          ontoclasm_vaults_eye, nicolae_vaults_network_star,
          ontoclasm_vaults_chip, layout_vaults_quadrants, serial_shops, shop
Vaults:4: nicolae_vaults_network_periphery, vaults_dpeg_cross,
          vaults_room_stairs_pillars, st_more_cells,
          ontoclasm_vaults_ring_small, nicolae_vaults_cochlea, v_misc_8,
          nicolae_vaults_storage_room_water, dpeg_vaults_monster_box,
          nicolae_vaults_tetromino_L_1, layout_vaults_chaotic_city,
          serial_shops, bzr_entry_safe
Vaults:5: uniq_sojobo
Depths:1: layout_forbidden_donut, serial_shops, shop, grunt_hell_entry_dis_mu,
          minmay_hedge_maze, abyss_entry_flame_altar, nicolae_shop_fire_sale
          [nicolae_sub_dead_trees], minmay_crystal_box, minmay_shop_star
Depths:2: wander_protected_by_tso, layout_cave_shapes,
          serial_hangedman_research, hangedman_research_thermodynamics,
          hangedman_research_probablistics, hangedman_research_geology,
          hangedman_research_electronics, hangedman_research_toxicology,
          hell_entry, pan_entry, grunt_decor_fettered, kiku_gazebo_pond_becter,
          minmay_staircase_windowed_large, uniq_aizul
Depths:3: dreamdust_cat_pyramid, layout_gridlike, hell_entry,
          abyss_entry_crystal, nicolae_kite_square_tiling_tiny,
          infiniplex_staircase_split_hallway
Depths:4: evilmike_zot_entry_gauntlet, layout_cave_shapes, enter_ziggurat_d,
          pf_vacation_house_of_asmodeus, gammafunk_ghost_crypt,
          minmay_misc_feat_tower, uniq_margery
Zot:1:    layout_onion_interference
Zot:2:    layout_twisted_circle, gammafunk_ghost_cemetery, grunt_megastairs_4
Zot:3:    circus_mu, layout_gridlike
Zot:4:    layout_basic
Zot:5:    layout_concentric_octagons, nicolae_shop_clearance

Skill      XL: |  1  2  3  4  5  6  7  8  9 10 11 12 13 14 15 16 17 18 19 20 21 22 23 24 25 |
---------------+----------------------------------------------------------------------------+-----
Dodging        | 1 2 3 4 8 11 13 15 16 17 18 19 | 19.0
Short Blades   | 2 3 4 5 7 9 11 13 14 | 14.0
Stealth        | 4 5 |  5.6
Fighting       | 3 4 5 9 12 14 15 16 17 19 | 19.0
Spellcasting   | 2 4 5 10 | 10.0
Hexes          | 2 5 7 9 15 17 | 17.0
Armour         | 4 7 8 9 11 14 15 17 18 | 18.4
Conjurations   | 2 3 |  3.5
Invocations    | 7 14 21 | 21.0
Evocations     | 2 10 | 10.0
Throwing       | |  1.7

Action                     |  1- 3 |  4- 6 |  7- 9 | 10-12 | 13-15 | 16-18 | 19-21 | 22-24 | 25-27 || total
---------------------------+-------+-------+-------+-------+-------+-------+-------+-------+-------++-------
  Melee: Dagger            |   134 |   132 |       |       |       |       |       |       |       ||   266
         Punch             |     1 |       |     2 |     7 |    27 |       |       |       |       ||    37
         Rapier            |       |     1 |   321 |   862 |  1931 |  2174 |  1357 |  2202 |   118 ||  8966
  Throw: Dart              |       |    10 |    27 |       |     3 |    15 |       |       |       ||    55
         Javelin           |       |       |     5 |       |       |       |       |       |       ||     5
         Throwing net      |       |       |     2 |       |     1 |       |       |       |       ||     3
   Cast: Confusing Touch   |       |       |       |    89 |    93 |     4 |       |       |       ||   186
         Tukima's Dance    |       |       |       |     4 |    55 |       |       |       |       ||    59
         Dazzling Flash    |       |       |       |       |       |    90 |    14 |       |       ||   104
         Enfeeble          |       |       |       |       |       |       |    86 |   176 |     9 ||   271
 Invoke: Serpent's Lash    |       |       |       |     5 |    34 |    30 |    13 |    34 |     5 ||   121
         Heavenly Storm    |       |       |       |       |       |     3 |     1 |     2 |       ||     6
         Renounce Religion |       |       |       |       |       |       |       |       |     1 ||     1
Ability: Lunge             |       |       |    25 |    70 |   129 |   118 |    93 |   120 |     6 ||   561
         Whirlwind         |       |       |    25 |   168 |   391 |   554 |   453 |   792 |    44 ||  2427
         Wall Jump         |       |       |       |       |       |     1 |     1 |       |       ||     2
  Evoke: Wand              |       |     9 |     6 |    13 |    25 |    27 |     1 |    14 |     1 ||    96
         Box of beasts     |       |       |       |       |     1 |       |       |       |       ||     1
    Use: Scroll            |     3 |     2 |    16 |    14 |     7 |    23 |     4 |    12 |     1 ||    82
         Potion            |       |       |     1 |     1 |     9 |    21 |     3 |    16 |     1 ||    52
   Stab: Sleeping          |    12 |     6 |    21 |    23 |    62 |    36 |    47 |    25 |       ||   232
         Held in net/web   |       |       |     1 |       |     4 |       |       |       |       ||     5
         Paralysed         |       |       |       |   139 |   161 |    57 |    94 |   106 |     3 ||   560
         Confused          |       |       |       |    20 |    34 |     1 |       |       |       ||    55
         Invisible         |       |       |       |     1 |    17 |    45 |    57 |   101 |     8 ||   229
         Distracted        |       |       |       |       |     2 |     2 |     1 |     2 |       ||     7
 Armour: Leather armour    |    37 |    30 |    82 |   114 |   147 |       |       |       |       ||   410
         Scale mail        |    21 |    30 |       |       |       |       |       |       |       ||    51
         Troll leather arm |       |       |       |    61 |   132 |   356 |   180 |   265 |    27 ||  1021
  Dodge: Dodged            |    49 |    54 |   133 |   322 |   897 |  1430 |   714 |  1220 |   131 ||  4950
  Block: Buckler           |       |       |       |       |    10 |   246 |   117 |   216 |    33 ||   622

Table legend: (Time is in decaauts)
 A = Elapsed time spent in this place.
 B = Non-inter-level travel time spent in this place.
 C = Inter-level travel time spent in this place.
 D = Time resting spent in this place.
 E = Time spent auto-exploring this place.
 F = Levels seen in this place.
 G = Mean time per level.
                   A        B        C        D        E       F      G
               +--------+--------+--------+--------+--------+-----+--------+
         Total |  56670 |  52521 |   4149 |   8356 |  29843 |  51 | 1111.2 |
       Dungeon |  13808 |  12148 |   1660 |    436 |   8230 |  15 |  920.5 |
          Lair |   5763 |   5038 |    725 |    158 |   3940 |   5 | 1152.6 |
         Swamp |   3385 |   3176 |    209 |    529 |   1661 |   4 |  846.2 |
   Spider Nest |   4915 |   4617 |    298 |    847 |   2261 |   4 | 1228.8 |
  Orcish Mines |   1985 |   1812 |    173 |     75 |   1092 |   2 |  992.5 |
   Elven Halls |   4094 |   3842 |    252 |    747 |   1937 |   3 | 1364.7 |
        Vaults |   9754 |   9279 |    475 |   1190 |   5955 |   5 | 1950.8 |
        Depths |   7675 |   7457 |    218 |   2726 |   3417 |   4 | 1918.8 |
           Zot |   3600 |   3463 |    137 |   1502 |    504 |   5 |  720.0 |
        Bazaar |     88 |     88 |      0 |      0 |     51 |   1 |   88.0 |
         Sewer |    880 |    880 |      0 |     40 |    469 |   1 |  880.0 |
        Bailey |    685 |    685 |      0 |    100 |    324 |   1 |  685.0 |
      Ice Cave |     34 |     34 |      0 |      5 |      0 |   1 |   34.0 |
               +--------+--------+--------+--------+--------+-----+--------+

Top non-repeatable levels by time:
Depths:2: 2857 daAuts
Depths:3: 2319 daAuts
Vaults:1: 2165 daAuts
Vaults:4: 2016 daAuts
     D:9: 1996 daAuts
Vaults:2: 1986 daAuts
Spider:1: 1918 daAuts
Vaults:3: 1912 daAuts
   Elf:1: 1760 daAuts
Vaults:5: 1674 daAuts
   Zot:2: 1443 daAuts
   Orc:2: 1313 daAuts
  Lair:3: 1304 daAuts
    D:13: 1302 daAuts
   Elf:3: 1296 daAuts
